[Event "Tournoi de MI de l'Echiquier du Pays de Bray"]
[Site "Gournay-en-Bray, France"]
[Date "????.??.??"]
[Round "9.4"]
[White "DECUIGNIERE, Tom"]
[Black "HÖGLAUER, Patrick"]
[Result "0-1"]
[TimeControl "1h30/40 + 30 (30s/c)"]
[WhiteTitle "FM"]
[BlackTitle "FM"]
[WhiteFideId "26093820"]
[BlackFideId "1270548"]
[WhiteElo "2396"]
[BlackElo "2280"]

1. d4 d5 2. c4 c6 3. Nf3 Nf6 4.
Nc3 a6 5. Bf4 dxc4 6. e4 b5 7. Qc2 e6 8. Be2 Bb7 9. O-O Be7 10. Rad1 Nbd7 11. Rfe1 O-O 12. Bf1 Re8 13. Bc1 c5 14. d5 e5 15. g3 Bf8 16. Bg2 Qa5 17. a3 Nb6 18. Nh4 b4 19. Nb1 Qb5 20. Nf5 a5 21. f4 Nfd7 22. Ne3 c3 23. Ng4 c4 24. bxc3 b3 25. Qd2 Na4 26. Qe2 Nac5 27. fxe5 Nxe5 28. Nxe5 Rxe5 29. Bf4 Ree8 30. Qf3 Nd3 31. Rf1 Rad8 32. h4 Kh8 33. Kh1 f5 34. Bg5 fxe4 35. Qf5 Bc8 36. Qf7 Ne5 37. Qc7 Bd6 38. Qxd8 Rxd8 39. Bxd8 e3 40. Bc7 e2 41. Bxd6 exd1=Q 42. Rxd1 Ng4 43. Rf1 Nf6 44. Be7 Bb7 45. Bxf6 gxf6 46. Rd1 Qd7 47. Kh2 Kg7 48. Nd2 Qb5 49. Nb1 Kf8 50. d6 Ke8 51. a4 Qb6 52. Bxb7 Qxb7 53. Na3 Qf3 0-1

[Event "Tournoi de MI de l'Echiquier du Pays de Bray"]
[Site "Gournay-en-Bray, France"]
[Date "????.??.??"]
[Round "9.5"]
[White "DUBESSAY, Bastien"]
[Black "MOUHAMAD, Joachim"]
[Result "1/2-1/2"]
[TimeControl "1h30/40 + 30 (30s/c)"]
[WhiteTitle "FM"]
[BlackTitle "FM"]
[WhiteFideId "650048"]
[BlackFideId "656410"]
[WhiteElo "2283"]
[BlackElo "2238"]

1. d4 d5 2. c4 e6 3. Nc3 a6 4. cxd5 exd5 5. Nf3 h6 6. Bf4 Nf6 7. e3 Bd6 8. Bd3 Bxf4 9. exf4 O-O 10.
O-O Bg4 11. h3 Bxf3 12. Qxf3 Nc6 13. Ne2 Re8 14. Rad1 Qd6 15. a3 Ne4 16. Bb1 Re7 17. Qd3 Rae8 18. g3 Na5 19. Nc3 Nc4 20.
Nxe4 Rxe4 21. Qc3 R4e7 22. Bd3 Qd7 23. Kg2 Nd6 24. Qc2 c6 25. a4 Qe6 26. Rfe1 Qxe1 27. Rxe1 Rxe1 28. Qc5 Nc4 29.
b3 Nb2 30. Bf1 Rb1 31. Qc2 Ree1 32.
Be2 g6 33. h4 Nd1 34. Qd2 Nc3 35. Bd3 Ne4 36. Qa5 Rg1+ 37. Kh2 Rh1+ 38. Kg2 Rhg1+ 39. Kh2 Rh1+ 40. Kg2 Rbg1+ 41. Kf3 Nf6 42. Bxg6 Re1 43. Bf5 Kg7 44.
Qc7 Rh2 45. g4 Rxh4 46. Qxb7 Ne4 47. Bxe4 dxe4+ 48. Kg3 Rhh1 49. f5 e3 50. fxe3 Rxe3+ 51. Kf4 Ree1 52. Qxc6 Rhf1+ 53. Kg3 Rg1+ 54.
Kh2 Rxg4 55. d5 Rd4 56. Qxa6 Rxd5 57. f6+ Kg6 58. Qa8 Rg5 59. Qg8+ Kxf6 60. Qd8+ Kg7 61. Qd4+ Ree5 62. a5 Rh5+ 63. Kg3 Rhg5+ 64. Kh2 Kg6 65. Qd6+ f6 66. Qd3+ Kg7 67. a6 Rh5+ 68.
Kg3 Reg5+ 69. Kf2 Rh2+ 70. Kf1 Rh1+ 71. Kf2 Rh2+ 72. Kf1 Rh1+ 1/2-1/2